 Dungeon Crawl Stone Soup version 0.19.0-19-g8c6edcc (webtiles) character file.

648 Remedyn the Chopper (level 7, 0/55 HPs)
             Began as a Formicid Fighter on Nov 14, 2016.
             Slain by Duvessa
             ... wielding a +0 short sword
              (2 damage)
             ... on level 5 of the Dungeon.
             The game lasted 00:19:49 (3384 turns).

Remedyn the Chopper (Formicid Fighter)              Turns: 3384, Time: 00:19:50

Health: 0/55       AC:  7    Str: 23    XL:     7   Next: 83%
Magic:  7/7        EV:  9    Int:  7    God:    Xom [..*...]
Gold:   154        SH: 11    Dex: 10    Spells: 0 memorised, 6 levels left

rFire  . . .     SeeInvis +     y - +0 broad axe
rCold  . . .     Gourm    .     b - +0 scale mail
rNeg   . . .     Faith    .     c - +1 shield
rPois  .         Spirit   .     (helmet unavailable)
rElec  .         Reflect  .     (no cloak)
rCorr  .         Harm     +     (no gloves)
MR     .....                    (no boots)
Stlth  ..........               j - amulet of harm
                                (no ring)
                                z - ring of loudness (curse)

@: no status effects
A: permanent stasis, dig shafts and tunnels, four strong arms, antennae 3
a: Dig, Shaft Self, Renounce Religion


You were on level 5 of the Dungeon.
You worshipped Xom.
You were a toy of Xom.
You were not hungry.

You visited 2 branches of the dungeon, and saw 6 of its levels.

You collected 154 gold pieces.

Inventory:

Hand Weapons
 a - a +0 war axe
 y - a +0 broad axe (weapon)
Missiles
 k - 99 stones (quivered)
Armour
 b - a +0 scale mail (worn)
 c - a +1 shield (worn)
 l - a +0 ring mail
Jewellery
 j - an amulet of harm (around neck)
 p - an uncursed amulet of regeneration
 z - a cursed ring of loudness (left hand)
Wands
 e - a wand of acid (3/15)
 t - a wand of digging (10/24)
Scrolls
 m - 2 scrolls of magic mapping
 n - 3 scrolls of identify
 q - a scroll of fear
 w - a scroll of amnesia
 x - 3 scrolls of remove curse
Potions
 d - 2 potions of might
 h - a potion of lignification {unknown}
 r - 2 potions of curing
 s - 2 potions of cancellation {unknown}
 u - a potion of heal wounds {unknown}
 v - a potion of flight {unknown}
Books
 o - Sif Muna's Disquisition on the Glacier
   (You found it on level 5 of the Dungeon)

   Spells                             Type                      Level
   a - Freeze                         Ice                          1
   b - Throw Icicle                   Conjuration/Ice              4
   c - Ice Form                       Ice/Transmutation            4
   d - Summon Ice Beast               Ice/Summoning                4
   e - Freezing Cloud                 Conjuration/Ice/Air          6
Comestibles
 f - 2 bread rations
 g - 4 meat rations
 i - 3 fruits


   Skills:
 + Level 4.6 Fighting
 + Level 5.8 Axes
 + Level 4.8 Armour
 + Level 2.0 Dodging
 + Level 4.6 Shields


You had 6 spell levels left.
You didn't know any spells.

Dungeon Overview and Level Annotations

Branches:
Dungeon (5/15)             Temple (1/1) D:4

Altars:
Ashenzari
Cheibriados
Dithmenos
Gozag
Kikubaaqudgha
Makhleb
Okawaru
Trog
Uskayaw
Xom
Yredelemnul
The Shining One

Annotations:
D:5 Dowan, Duvessa


Innate Abilities, Weirdness & Mutations

You are under a permanent stasis effect.
You can dig through walls and to a lower floor.
Your four strong arms can wield two-handed weapons with a shield.
You have a pair of large antennae on your head. (SInv)


Message History

Dowan is heavily wounded.
You hit the ogre.
Dowan says, "Stay away from my face!"
Dowan closely misses you. You block the ogre's attack.
You hit the ogre.
The ogre is moderately wounded.
The ogre hits you with a giant spiked club!
Dowan casts a spell at Duvessa.
Duvessa seems to speed up.
Duvessa hits you with a short sword!
Found a scroll labeled KEURAIBORU.
Found a stone staircase leading up.
Duvessa hits you with a short sword!
* * * LOW HITPOINT WARNING * * *
Duvessa hits you with a short sword.
* * * LOW HITPOINT WARNING * * *
Dowan says, "My weaknesses are her strengths!"
Duvessa hits you with a short sword.
You die...
Xom chuckles heartily!

.....................#..<.....#
.########.............#...<....
#.....................#
##............#........#
#######......##.###..........#
#.....#.#.......##..##........
#.....#..>...#####.###........
#.......#.a#######.####.......
#........O.ee@..<.... .......
#.....###.#.####..### ###..#
#.....# #.#... .. # ...
#....?.# #.###..# .. #.######
#.# ..# #. ... .# # ... .. ..?
#. .....


You could see Duvessa, an ogre, Dowan and a worker ant.

Vanquished Creatures
  Sigmund (D:2)
  The ghost of Zigma the Ruffian, an amateur DrTm (D:4)
  Menkaure (D:4)
  A hound (D:2)
  Natasha (thrice) (D:3)
  3 gnolls (D:2)
  4 adders
  A worm (D:3)
  A dart slug (D:3)
  A leopard gecko (D:1)
  8 orcs
  6 giant cockroaches
  3 goblins
  4 hobgoblins
  4 jackals (D:2)
  3 bats
  7 frilled lizards
  12 kobolds
  6 rats
70 creatures vanquished.

Notes
Turn   | Place    | Note
-------+----------+-------------------------------------------
     0 | D:1      | Remedyn the Formicid Fighter began the quest for the Orb.
     0 | D:1      | Reached XP level 1. HP: 18/18 MP: 1/1
    57 | D:1      | Reached XP level 2. HP: 23/24 MP: 2/2
   615 | D:1      | Reached XP level 3. HP: 29/29 MP: 3/3
   760 | D:2      | Reached skill level 3 in Axes
   760 | D:2      | Reached XP level 4. HP: 33/36 MP: 4/4
   769 | D:2      | Found a burning altar of Makhleb.
   884 | D:2      | Noticed Sigmund
   891 | D:2      | Killed Sigmund
   891 | D:2      | Reached skill level 4 in Axes
   891 | D:2      | Reached skill level 1 in Dodging
   891 | D:2      | Reached XP level 5. HP: 23/42 MP: 5/5
   891 | D:2      | Reached XP level 6. HP: 27/48 MP: 6/6
  1557 | D:3      | Noticed Natasha
  1568 | D:3      | Killed Natasha
  1584 | D:3      | Noticed Natasha
  1596 | D:3      | Killed Natasha
  1619 | D:3      | Noticed Natasha
  1635 | D:3      | Killed Natasha
  1635 | D:3      | Reached skill level 5 in Axes
  1752 | D:3      | Reached XP level 7. HP: 36/54 MP: 7/7
  2186 | D:4      | Noticed Menkaure
  2196 | D:4      | Killed Menkaure
  2425 | D:4      | Noticed Zigma's ghost (amateur DrTm)
  2441 | D:4      | Killed Zigma's ghost
  2578 | D:4      | Found a staircase to the Ecumenical Temple.
  2585 | Temple   | Entered the Ecumenical Temple
  2825 | Temple   | Became a worshipper of Xom of Chaos
  2889 | D:4      | Found an ancient bone altar of Kikubaaqudgha.
  3333 | D:5      | Entered Level 5 of the Dungeon
  3343 | D:5      | Identified Sif Muna's Disquisition on the Glacier
  3369 | D:5      | Noticed Dowan
  3371 | D:5      | Noticed Duvessa
  3383 | D:5      | HP: 2/55 [Duvessa/short sword (7)]
  3384 | D:5      | Slain by Duvessa

Skill      XL: |  1  2  3  4  5  6  7 |
---------------+----------------------+-----
Axes           | 3 4 5 |  5.8
Fighting       | 4 |  4.6
Armour         | 4 |  4.8
Dodging        | 1 2 |  2.0
Shields        | 4 |  4.6

Action                   |  1- 3 |  4- 6 |  7- 9 || total
-------------------------+-------+-------+-------++-------
Melee: War axe           |    66 |    95 |    17 ||   178
       Broad axe         |       |       |    31 ||    31
  Use: Scroll            |       |     8 |     2 ||    10
  Eat: Bread ration      |       |     1 |     1 ||     2
       Chunk             |       |     1 |       ||     1
Armor: Scale mail        |    25 |    47 |     9 ||    81
Dodge: Dodged            |    23 |    33 |    18 ||    74
Block: Shield            |    27 |    50 |    20 ||    97
